 Dungeon Sprint DCSS version 0.23.2-1-ga50397a6bc (webtiles) character file.

Game seed: 18041796019858719473

434 Kobolds4U the Unseen (level 6, -6/45 HPs)
             Began as a Spriggan Assassin on May 22, 2019.
             Was an Initiate of Okawaru.
             Mangled by a centaur warrior (9 damage)
             ... in the Dungeon (Sprint I: "Red Sonja").
             The game lasted 00:02:54 (903 turns).

Kobolds4U the Unseen (Spriggan Assassin)             Turns: 903, Time: 00:02:54

Health: -6/45      AC:  3    Str: 12    XL:     6   Next: 67%
Magic:  7/7        EV: 17    Int: 12    God:    Okawaru [......]
Gold:   142        SH:  0    Dex: 20    Spells: 5/5 levels left

rFire    . . .     SeeInvis +   a - +2 dagger
rCold    . . .     Gourm    .   (shield restricted)
rNeg     . . .     Faith    .   c - +0 robe
rPois    .         Spirit   .   (helmet restricted)
rElec    .         Reflect  .   d - +0 cloak
rCorr    .         Harm     .   (gloves unavailable)
MR       +....     NoTele   +   (boots unavailable)
Stlth    ..........             (no amulet)
HPRegen  0.15/turn              (no ring)
MPRegen  0.10/turn              (no ring)

@: berserking, very slightly contaminated, hasted, very quick
A: very small, unfitting armour, see invisible, herbivore, speed 3, slow
metabolism 2
a: Renounce Religion


You were in the Dungeon.
You worshipped Okawaru.
Okawaru was noncommittal.
You were not hungry.

You visited 1 branch You collected 316 gold pieces.
You spent 174 gold pieces at shops.

Inventory:

Hand Weapons
 a - a +2 dagger (weapon)
 b - a +0 blowgun
Missiles
 e - 8 poisoned needles
 f - 2 curare-tipped needles
Armour
 c - a +0 robe (worn)
 d - a +0 cloak (worn)
Wands
 n - a wand of flame (10)
Scrolls
 q - 2 scrolls of remove curse
Potions
 h - a potion of curing
 i - a potion of heal wounds
 k - 2 potions of magic
Comestibles
 g - a ration


   Skills:
 - Level 1.5 Fighting
 - Level 2.1 Short Blades
 - Level 2.0 Throwing
 - Level 1.5 Dodging
 + Level 20.4 Stealth


You had 5 spell levels left.
You didn't know any spells.
Your spell library was empty.

Dungeon Overview and Level Annotations

Branches:
Dungeon (1/1)

Altars:
Cheibriados
Dithmenos
Elyvilon
Fedhas
Gozag
Hepliaklqana
Kikubaaqudgha
Nemelex Xobeh
Okawaru
Qazlal
Ru
Sif Muna
Trog
Uskayaw
Vehumet
Wu Jian
Yredelemnul
Zin
The Shining One
Jiyva
Lugonu

Shops:
D *


Innate Abilities, Weirdness & Mutations

You are very small and have problems with some larger weapons.
You are too small for most types of armour.
You have supernaturally acute eyesight. (SInv)
You are a herbivore.
You cover ground extremely quickly.
You need to consume almost no food.


Message History

The centaur warrior is lightly wounded.
The centaur warrior hits you! x2
You puncture the centaur warrior!
The centaur warrior is moderately wounded.
The centaur warrior barely misses you.
You puncture the centaur warrior!
The centaur warrior is heavily wounded.
The centaur warrior hits you!
* * * LOW HITPOINT WARNING * * *
The centaur warrior completely misses you.
You puncture the centaur warrior!
The centaur warrior is severely wounded.
The centaur warrior hits you.
* * * LOW HITPOINT WARNING * * *
The centaur warrior closely misses you.
You puncture the centaur warrior!
The centaur warrior is almost dead.
The centaur warrior completely misses you.
The centaur warrior hits you!
You die...

################*****************
#.['..#.)J..#__#,,+,,,*,,*,,,,+,,
'..#.)'..#.?'^.+,,*,,,**+*,****,,
#####'#####+#__####,,,+,,*,*,***,
####..#...#(####§§#****,,+,*+*,**
#__####..##§#§§§§c#,,**+****,,,*,
#_____##'#§§§≈§§@§+,,*,,,,,*,,,**
#_.∩...'...§#≈§§§c#,,*,,,,,+,,,,,
#_..__##_.#'##+####*+***,,,*,,,,,
#_____###+#.#,,,,***,+,*,,,***++*
#######**,###*+***,***,*,,***,,**
,,,,,,,+,,,+,,,,,+,∩**,*,,****,,*
++++****,,,***********,**+*,,*,,*
,,,,,****,***,,,,,,,**,**,*,,,,,,
,,,,,,*,*+*,*,,,,,,,,+,****,,,,,,


You could see 2 centaur warriors.

Vanquished Creatures
  Sigmund (D)
  A yak (D)
  An ogre (D)
  A jelly (D)
  Ijyb (D)
5 creatures vanquished.

Notes
Turn   | Place    | Note
-------+----------+-------------------------------------------
     0 | D        | Kobolds4U the Spriggan Assassin began the quest for the
                  | Orb.
     0 | D        | Reached XP level 1. HP: 10/10 MP: 2/2
     1 | D        | Noticed Ijyb
     4 | D        | Killed Ijyb
     4 | D        | Reached skill level 10 in Stealth
     4 | D        | Reached XP level 2. HP: 14/14 MP: 3/3
     7 | D        | Noticed an ogre
    10 | D        | Killed an ogre
    10 | D        | Reached skill level 14 in Stealth
    10 | D        | Reached XP level 3. HP: 18/18 MP: 4/4
    10 | D        | Reached XP level 4. HP: 22/22 MP: 5/5
    19 | D        | Noticed Sigmund
    22 | D        | Killed Sigmund
    22 | D        | Reached skill level 18 in Stealth
    22 | D        | Reached XP level 5. HP: 25/25 MP: 6/6
    34 | D        | Found an ornate altar of the Wu Jian Council.
    34 | D        | Found a deep blue altar of Sif Muna.
    36 | D        | Found a radiant altar of Vehumet.
    40 | D        | Reached XP level 6. HP: 30/30 MP: 7/7
    68 | D        | Found Ziagid's Assorted Antiques.
    68 | D        | Found an ancient bone altar of Kikubaaqudgha.
    68 | D        | Found a hazy altar of Hepliaklqana.
    68 | D        | Found a hide-covered altar of Uskayaw.
    68 | D        | Found a basalt altar of Yredelemnul.
    68 | D        | Found an opulent altar of Gozag.
    68 | D        | Found a snail-covered altar of Cheibriados.
    68 | D        | Found a sacrificial altar of Ru.
    68 | D        | Found a shadowy altar of Dithmenos.
    68 | D        | Noticed a yak
    77 | D        | Found a stormy altar of Qazlal.
    77 | D        | Found a blossoming altar of Fedhas.
    77 | D        | Found a bloodstained altar of Trog.
    77 | D        | Found an iron altar of Okawaru.
    77 | D        | Found a glowing silver altar of Zin.
   337 | D        | Found a glowing golden altar of the Shining One.
   337 | D        | Found a white marble altar of Elyvilon.
   354 | D        | Killed a yak
   354 | D        | Reached skill level 20 in Stealth
   357 | D        | Found a sparkling altar of Nemelex Xobeh.
   374 | D        | Bought a blue potion for 27 gold pieces
   374 | D        | Bought a scroll labeled YNYASA QERPHURY for 30 gold pieces
   374 | D        | Bought a scroll labeled UFIPYMN UXTAA for 30 gold pieces
   374 | D        | Bought a fizzy pink potion for 27 gold pieces
   374 | D        | Bought a scroll labeled DOEGUOR UCWUEME for 30 gold pieces
   374 | D        | Bought a scroll labeled UFIPYMN UXTAA for 30 gold pieces
   384 | D        | Became a worshipper of Warmaster Okawaru
   631 | D        | Found a viscous altar of Jiyva.
   631 | D        | Found a corrupted altar of Lugonu.
   631 | D        | Noticed a slime creature
   891 | D        | Noticed a centaur warrior
   891 | D        | Noticed a centaur warrior
   903 | D        | Mangled by a centaur warrior

Skill      XL: |  1  2  3  4  5  6 |
---------------+-------------------+-----
Stealth        | 10 14 18 20 | 20.4
Fighting       | |  1.5
Short Blades   | |  2.1
Throwing       | |  2.0
Dodging        | |  1.5

Action                   |  1- 3 |  4- 6 || total
-------------------------+-------+-------++-------
Melee: Dagger            |     2 |    25 ||    27
 Fire: Blowgun           |       |     9 ||     9
  Use: Potion            |       |     4 ||     4
       Scroll            |       |     3 ||     3
 Stab: Sleeping          |     2 |     2 ||     4
Armor: Robe              |       |     1 ||     1
Dodge: Dodged            |       |    18 ||    18
